 Dungeon Crawl Stone Soup version 0.29-a0-275-g389c0b56f3 (webtiles) character file.

Game seed: 12504216189718538416

40383 Majang the Unseen (level 14, -2/88 HPs)
             Began as a Kobold Artificer on Mar 9, 2022.
             Was a High Priest of Dithmenos.
             Slain by a komodo dragon (3 damage)
             ... while petrified by a basilisk
             ... on level 5 of the Lair of Beasts.
             The game lasted 01:30:38 (15123 turns).

Majang the Unseen (Kobold Artificer)               Turns: 15123, Time: 01:30:39

Health: -2/88      AC: 10    Str: 16    XL:     14   Next: 44%
Magic:  19/19      EV:  3    Int: 12    God:    Dithmenos [*****.]
Gold:   765        SH:  0    Dex: 21    Spells: 13/13 levels left

rFire   . . .      SeeInvis +   b - +9 falchion "Vevvop" {venom, Fly Str+3}
rCold   . . .      Faith    .   (no shield)
rNeg    + + +      Spirit   .   y - +2 robe
rPois   ∞          Reflect  .   L - +1 helmet
rElec   +          Harm     .   G - +0 cloak
rCorr   .          Rampage  .   (no gloves)
Will    +....                   z - +1 pair of boots Stlth **++++++++
                                F - amulet of the acrobat
HPRegen 0.24/turn               n - +4 ring of slaying
MPRegen 0.16/turn               D - ring "Muad" {Fly rElec Str+4 SInv}

@: petrified, flying, wreathed by umbra
A: small, no large weapons, nightstalker 3
a: Renounce Religion, Shadow Step, Shadow Form


You were on level 5 of the Lair of Beasts.
You worshipped Dithmenos.
Dithmenos was extremely pleased with you.
You visited 3 branches of the dungeon, and saw 14 of its levels.

You collected 765 gold pieces.

Inventory:

Hand Weapons
 a - a +6 quick blade
 b - the +9 falchion "Vevvop" (weapon) {venom, Fly Str+3}
   (You found it on level 6 of the Dungeon)

   It poisons the flesh of those it strikes.
   Str:       It affects your strength (+3).
   Fly:       It grants you flight.
 H - a +4 scimitar of flaming
Missiles
 s - a throwing net
Armour
 x - +1 swamp dragon scales
 y - a +2 robe (worn)
 z - a +1 pair of boots (worn)
 G - a +0 cloak (worn)
 L - a +1 helmet (worn)
Jewellery
 g - a ring of resist corrosion
 i - a ring of willpower
 n - a +4 ring of slaying (left hand)
 p - a +4 ring of evasion
 q - a ring of fire
 u - a ring of protection from cold
 w - a ring of fire
 D - the ring "Muad" (right hand) {Fly rElec Str+4 SInv}
   (You acquired it on level 7 of the Dungeon)

   [ring of flight]

   Str:       It affects your strength (+4).
   rElec:     It insulates you from electricity.
   SInv:      It lets you see invisible.
   Fly:       It grants you flight.
 F - an amulet of the acrobat (around neck)
Wands
 c - a wand of flame (42) (quivered)
 d - a wand of charming (10)
 e - a wand of iceblast (21)
 f - a wand of digging (5)
 o - a wand of polymorph (5)
Scrolls
 j - 2 scrolls of magic mapping
 k - 2 scrolls of summoning
 l - 5 scrolls of teleportation
 m - 3 scrolls of fear
 t - 3 scrolls of fog
 v - 2 scrolls of holy word
 B - 2 scrolls of identify
Potions
 h - 2 potions of haste
 r - 4 potions of might
 A - 4 potions of attraction
 C - 3 potions of mutation
 E - 4 potions of curing
 I - a potion of ambrosia
 J - a potion of invisibility
 K - 2 potions of berserk rage


   Skills:
 + Level 10.3 Fighting
 - Level 6.9(12.7) Short Blades
 * Level 11.0(11.3) Long Blades
 + Level 4.6 Armour
 + Level 10.5 Dodging
 + Level 15.4 Stealth
 + Level 6.8 Invocations
 + Level 11.0 Evocations


You had 13 spell levels left.
You didn't know any spells.
Your spell library contained the following spells:

 Spells                   Type           Power      Damage    Failure   Level
 Animate Skeleton         Necr           0%         N/A       32%         1
 Apportation              Tloc           0%         N/A       32%         1
 Magic Dart               Conj           0%         1d3       32%         1
 Pain                     Necr           0%         1d4       32%         1
 Shock                    Conj/Air       0%         1d3       32%         1
 Sting                    Tmut/Pois      0%         1d3       32%         1
 Summon Small Mammal      Summ           0%         N/A       32%         1
 Call Imp                 Summ           0%         N/A       45%         2
 Corpse Rot               Necr/Air       0%         N/A       45%         2
 Ensorcelled Hibernation  Hex/Ice        0%         N/A       45%         2
 Passwall                 Tmut/Erth      0%         N/A       45%         2
 Poisonous Vapours        Pois/Air       0%         N/A       45%         2
 Confusing Touch          Hex            0%         N/A       69%         3
 Gell's Gravitas          Tloc           0%         N/A       69%         3
 Lesser Beckoning         Tloc           0%         N/A       69%         3
 Mephitic Cloud           Conj/Pois/Air  0%         N/A       69%         3
 Swiftness                Air            0%         N/A       69%         3
 Teleport Other           Tloc           0%         N/A       69%         3
 Leda's Liquefaction      Hex/Erth       0%         N/A       97%         4
 Olgreb's Toxic Radiance  Pois           0%         N/A       97%         4
 Summon Ice Beast         Ice/Summ       0%         N/A       97%         4
 Agony                    Necr           0%         N/A       100%        5
 Excruciating Wounds      Necr           0%         N/A       100%        5
 Lee's Rapid Deconstruct  Erth           0%         3d5*      100%        5
 Silence                  Hex/Air        0%         N/A       100%        5
 Summon Forest            Summ/Tloc      0%         N/A       100%        5
 Summon Mana Viper        Hex/Summ       0%         N/A       100%        5
 Yara's Violent Unravell  Hex/Tmut       0%         3d3       100%        5
 Statue Form              Tmut/Erth      0%         N/A       100%        6
 Enfeeble                 Hex            0%         N/A       100%        7
 Monstrous Menagerie      Summ           0%         N/A       100%        7


Dungeon Overview and Level Annotations

Branches:
Dungeon (8/15)             Temple (1/1) D:6            Lair (5/6) D:8
 Shoals (0/4) Lair:2       Spider (0/4) Lair:2
  Slime: Lair:5-6

Altars:
Ashenzari
Cheibriados
Dithmenos
Elyvilon
Fedhas
Gozag
Hepliaklqana
Kikubaaqudgha
Makhleb
Nemelex Xobeh
Okawaru
Qazlal
Ru
Sif Muna
Trog
Uskayaw
Vehumet
Wu Jian
Xom
Yredelemnul
Zin
The Shining One

Shops:
D:2 =*((   D:4 (   D:5 [

Annotations:
D:8 3 runed translucent doors
Lair:2 1 transporter, exclusion: ice statue


Innate Abilities, Weirdness & Mutations

You are small and have problems with some larger weapons.
You are completely attuned to the shadows.


Message History

You easily resist.
The komodo dragon bites you. The basilisk gazes at you.
You easily resist.
The komodo dragon bites you! The basilisk bites you!
The komodo dragon bites you. The basilisk gazes at you.
You easily resist.
You turn to flesh and can move again.
You hit the basilisk.
The basilisk is poisoned.
The basilisk is lightly wounded.
The komodo dragon bites you but does no damage.
The basilisk completely misses you.
You slash the basilisk!
The basilisk looks as sick as possible!
The basilisk is heavily wounded.
The komodo dragon bites you!! The basilisk completely misses you.
You slash the komodo dragon!
The komodo dragon is poisoned.
The komodo dragon is moderately wounded.
The komodo dragon barely misses you.
You closely miss the komodo dragon.
The komodo dragon is moderately wounded.
The basilisk gazes at you.
You are slowing down.
You slash the basilisk!
You kill the basilisk!
Dithmenos accepts your kill. The komodo dragon bites you!!
* * * LOW HITPOINT WARNING * * *
The komodo dragon bites you!
* * * LOW HITPOINT WARNING * * *
Your limbs are stiffening.
You feel better.
The komodo dragon bites you but does no damage.
You have turned to stone.
A black mamba comes into view.
The komodo dragon bites you!!
* * * LOW HITPOINT WARNING * * *
The black mamba hisses angrily.
The komodo dragon bites you.
You die...

#.PPP.# #.P≈P..
#.PPP.# #.†...#
.......#. ##..†##
...>..... #..†#
....S..... ##.##
...††l.?.. ♣.♣
P...@...... ♣.♣
##.........#. #######
#..#..........#.....#
####.<........#.♣♣♣.♣
##.†.........♣ ♣.^
#.........#.♣♣♣.♣
##...#.....#†....#
#......... #######
##...... ......


You could see a komodo dragon (very poisoned) and a black mamba.

Vanquished Creatures
  2 hydras (Lair:5)
  3 catoblepae
  2 boulder beetles (Lair:5)
  Erica (D:7)
  The ghost of Mandevil the Archer, a journeyman DEAM of Makhleb (Lair:1)
  Urug (Lair:2)
  4 death yaks
  Pikel (D:7)
  An oklob plant (Lair:5)
  15 elephants (Lair:2)
  5 black mambas
  Joseph (D:8)
  10 cane toads
  Maggie (D:8)
  A freezing wraith (Lair:2)
  5 rime drakes
  4 komodo dragons
  A hornet (D:8)
  6 polar bears
  Grinder (D:4)
  15 blink frogs
  A dream sheep (Lair:5)
  2 wraiths (D:6)
  2 wyverns
  27 yaks
  6 basilisks
  Eustachio (D:5)
  A steam dragon (D:8)
  Menkaure (D:7)
  Edmund (D:5)
  18 water moccasins
  3 wargs
  2 acid dragons
  6 ice beasts
  2 orc warriors
  3 sky beasts
  A black bear (Lair:2)
  2 ogres
  6 wolves
  4 centaurs
  3 lemures (D:7)
  A phantom (D:6)
  A kobold brigand (D:8)
  Blork the orc (D:5)
  16 bullfrogs
  3 necrophages
  5 scorpions
  3 killer bees
  2 electric eels (Lair:1)
  3 hounds
  An orc priest (D:8)
  2 gnoll shamans
  A jelly (D:6)
  Crazy Yiuf (D:2)
  3 iguanas
  4 orc wizards
  Ijyb (D:3)
  5 hell rats
  A centaur simulacrum (D:8)
  9 gnolls
  8 adders
  4 shadow imps
  5 white imps
  A howler monkey simulacrum (D:8)
  2 ufetubi (D:5)
  4 worms
  3 dart slugs
  15 orcs
  7 bats
  3 endoplasms
  2 giant cockroaches
  5 goblins
  5 hobgoblins
  11 kobolds
  3 quokkas
  4 ball pythons
  2 frilled lizards (D:2)
  11 rats
  A butterfly (Lair:1)
332 creatures vanquished.

Vanquished Creatures (collateral kills)
  2 yaks (D:5)
2 creatures vanquished.

Vanquished Creatures (others)
  2 yaks (D:5)
  15 fungi
  26 plants
43 creatures vanquished.

Grand Total: 377 creatures vanquished

Notes
Turn   | Place    | Note
-------+----------+-------------------------------------------
     0 | D:1      | Majang the Kobold Artificer began the quest for the Orb.
     0 | D:1      | Reached XP level 1. HP: 12/12 MP: 1/1
    82 | D:1      | Reached skill level 1 in Short Blades
   150 | D:1      | Reached XP level 2. HP: 16/16 MP: 2/2
   772 | D:1      | Found a faded altar of an unknown god.
   982 | D:2      | Reached XP level 3. HP: 17/21 MP: 3/3
  1155 | D:2      | Found Caunesy's Antique Weapon Shoppe.
  1207 | D:2      | Found Ebrit's Antique Weapon Emporium.
  1246 | D:2      | Found a runed translucent door.
  1249 | D:2      | Noticed Crazy Yiuf
  1412 | D:2      | Found Ypigabam's Assorted Antiques.
  1422 | D:2      | Reached XP level 4. HP: 26/26 MP: 4/4
  1575 | D:2      | Found Bewut's Jewellery Boutique.
  1891 | D:3      | Found an iron altar of Okawaru.
  2093 | D:3      | Reached XP level 5. HP: 31/31 MP: 5/5
  2123 | D:3      | Noticed Ijyb
  2139 | D:3      | Killed Ijyb
  2721 | D:4      | Reached skill level 5 in Short Blades
  2755 | D:4      | Identified a scroll of acquirement
  2755 | D:4      | Acquired a +6 quick blade
  2758 | D:4      | Noticed Grinder
  2759 | D:4      | Paralysed by Grinder for 7 turns
  2769 | D:4      | Killed Grinder
  2770 | D:4      | Reached XP level 6. HP: 7/38 MP: 6/6
  3142 | D:4      | Reached skill level 12 in Stealth
  3142 | D:4      | Reached XP level 7. HP: 43/43 MP: 7/7
  3143 | D:4      | Reached XP level 8. HP: 53/53 MP: 8/8
  3162 | D:4      | Found Faphur's Weapon Emporium.
  3181 | D:4      | Reached XP level 9. HP: 57/57 MP: 9/9
  3713 | D:5      | Entered Level 5 of the Dungeon
  3787 | D:5      | Noticed Eustachio
  3803 | D:5      | Killed Eustachio
  3803 | D:5      | Noticed Edmund
  4004 | D:5      | Killed Edmund
  4012 | D:5      | Found Derph's Antique Armour Boutique.
  4635 | D:5      | Noticed Blork the orc
  4639 | D:5      | Killed Blork the orc
  4640 | D:5      | Reached XP level 10. HP: 63/63 MP: 10/10
  4812 | D:2      | Killed Crazy Yiuf
  5642 | D:6      | Identified the +9 falchion "Vevvop" {venom, Fly Str+3}
  5732 | D:6      | Found a staircase to the Ecumenical Temple.
  5737 | Temple   | Entered the Ecumenical Temple
  5753 | Temple   | Became a worshipper of Dithmenos the Shadowed
  6811 | D:7      | Reached skill level 1 in Invocations
  6812 | D:7      | Noticed Menkaure
  6821 | D:7      | Killed Menkaure
  6821 | D:7      | Noticed Pikel
  6907 | D:7      | Killed Pikel
  6908 | D:7      | Reached skill level 13 in Stealth
  7151 | D:7      | Acquired the ring "Muad" {Fly rElec Str+4 SInv}
  7191 | D:7      | Reached * piety under Dithmenos
  7332 | D:7      | Identified the +1 morningstar "Vadiustu" {drain, rElec
                  | rPois}
  7712 | D:8      | Reached XP level 11. HP: 67/68 MP: 12/12
  7718 | D:8      | Noticed a death yak
  7768 | D:8      | Killed a death yak
  7855 | D:8      | Noticed Joseph
  8015 | D:8      | Noticed Erica
  8258 | D:7      | Killed Erica
  8532 | D:8      | Paralysed by Joseph for 2 turns
  8542 | D:8      | Paralysed by Joseph for 6 turns
  8548 | D:8      | Killed Joseph
  8917 | D:8      | Noticed Maggie
  9106 | D:8      | Killed Maggie
  9224 | D:8      | Noticed a centaur warrior
  9231 | D:8      | Found a runed translucent gate.
  9231 | D:8      | Noticed a cyclops
  9490 | D:8      | Found a staircase to the Lair.
  9515 | D:8      | Reached skill level 1 in Armour
  9546 | D:8      | Found a runed translucent gate.
  9546 | D:8      | Found a runed translucent gate.
  9687 | Lair:1   | Entered Level 1 of the Lair of Beasts
  9800 | Lair:1   | Reached ** piety under Dithmenos
 10102 | Lair:1   | Reached XP level 12. HP: 55/75 MP: 14/14
 10397 | Lair:1   | Found a runed translucent door.
 10402 | Lair:1   | Noticed Mandevil's ghost (journeyman DEAM)
 10402 | Lair:1   | Found the +14 obsidian axe {vorpal, Mesm Drain Fly SInv}
 10406 | Lair:1   | Killed Mandevil's ghost
 10573 | Lair:2   | Found a staircase to the Shoals.
 10968 | Lair:2   | Found a transporter.
 10974 | Lair:2   | Noticed Urug
 10992 | Lair:2   | Killed Urug
 10993 | Lair:2   | Reached skill level 14 in Stealth
 11235 | Lair:2   | Reached skill level 5 in Invocations
 11345 | Lair:2   | Noticed a four-headed hydra
 11378 | Lair:2   | Reached XP level 13. HP: 80/80 MP: 16/16
 11459 | Lair:2   | Reached skill level 10 in Evocations
 11846 | Lair:2   | Reached *** piety under Dithmenos
 11847 | Lair:2   | Reached skill level 10 in Long Blades
 12101 | Lair:2   | Found a hole to the Spider Nest.
 13098 | Lair:3   | Noticed a catoblepas
 13103 | Lair:3   | Killed a catoblepas
 13848 | Lair:4   | Reached skill level 10 in Dodging
 14126 | Lair:5   | Reached **** piety under Dithmenos
 14134 | Lair:5   | Identified the +2 falchion "Ficwoob" {elec, *Slow rC+ Dex+3
                  | SInv}
 14162 | Lair:5   | Noticed a catoblepas
 14164 | Lair:5   | Killed a catoblepas
 14165 | Lair:5   | Reached skill level 10 in Fighting
 14200 | Lair:5   | Reached skill level 15 in Stealth
 14213 | Lair:5   | Reached XP level 14. HP: 88/88 MP: 18/18
 14525 | Lair:5   | Noticed a dire elephant
 14871 | Lair:5   | Got the Incunabulum of Supportive Flight
 15029 | Lair:4   | Reached ***** piety under Dithmenos
 15122 | Lair:5   | HP: 1/88 [komodo dragon (14)]
 15123 | Lair:5   | Slain by a komodo dragon

Illustrated notes

Levels and vault maps discovered:
D:1:      dpeg_arrival_ratfight, layout_basic,
          dilly_ecumenical_altar_fadedgnrine
D:2:      layout_basic, serial_shops, nicolae_shop_stone,
          nicolae_shop_behind_doors, shop_statue, nicolae_shop_advertising_works
          [nicolae_subvault_shop_adworks], guppyfry_early_lair_pool,
          uniq_crazy_yiuf_cottage
D:3:      layout_rooms, okawaru_gym_becter, chequers_serial_rivers_small_b,
          uniq_ijyb
D:4:      layout_layer_cave, serial_shops,
          nicolae_shop_competitors_out_of_business, uniq_grinder
D:5:      layout_loops_cross, serial_shops, nicolae_square_shop, uniq_edmund,
          uniq_eustachio, uniq_blork_the_orc
D:6:      wad_guarded_room, layout_loops_ring
D:7:      layout_cave_pods, uniq_menkaure, uniq_pikel
D:8:      layout_rooms, erik_lair_orcish_takeover, gammafunk_ghost_split,
          serial_ice, serial_ice_o, serial_ice_a, serial_ice_g, serial_ice_f,
          hex_tiny, uniq_maggie, uniq_erica, uniq_joseph
Temple:   grunt_wide_crystal_templ
Lair:1:   layout_cave_pods, ebering_ghost_reflecting_pool, disabler_island,
          lemuel_fruit_fields
Lair:2:   layout_gridlike, elwin_shoals_entry_rocks, dummy_spider_entry,
          gammafunk_ghost_berserking_beasts, ice2_lemuel, uniq_urug
Lair:3:   layout_misc_corridors
Lair:4:   layout_cellular_growth, minivault_23, grunt_megastairs_1,
          infiniplex_staircase_pool
Lair:5:   nzn_winding_woodlands_large [nzn_winding_woodlands_5x5_three,
          nzn_winding_woodlands_5x15_parted,
          nzn_winding_woodlands_5x5_perimeter,
          nzn_winding_woodlands_center_lodge,
          nzn_winding_woodlands_15x15_killbox,
          nzn_winding_woodlands_center_garden,
          nzn_winding_woodlands_5x5_closed_star,
          nzn_winding_woodlands_5x15_cabin,
          nzn_winding_woodlands_5x5_checkerboard], layout_misc_corridors,
          chequers_serial_rivers_large_a, dreamdust_gnoll_shepherd

Skill      XL: |  1  2  3  4  5  6  7  8  9 10 11 12 13 14 |
---------------+-------------------------------------------+-----
Short Blades   | 1 2 3 4 6 |  6.9
Fighting       | 2 4 7 8 9 10 | 10.3
Long Blades    | 7 8 9 10 11 | 11.0
Stealth        | 12 13 14 15 | 15.4
Dodging        | 6 7 8 9 10 | 10.5
Evocations     | 7 8 9 10 11 | 11.0
Invocations    | 1 3 5 6 |  6.8
Armour         | 1 2 4 |  4.6

Action                   |  1- 3 |  4- 6 |  7- 9 | 10-12 | 13-15 || total
-------------------------+-------+-------+-------+-------+-------++-------
Melee: Dagger            |    20 |       |       |       |       ||    20
       Short sword       |    47 |    64 |       |       |       ||   111
       Quick blade       |       |    12 |    92 |   267 |    95 ||   466
       Punch             |       |       |     2 |     5 |     7 ||    14
       Falchion          |       |       |       |   173 |   214 ||   387
       Scimitar          |       |       |       |     3 |     5 ||     8
Evoke: Wand              |       |     8 |     7 |     9 |     1 ||    25
  Use: Scroll            |       |     9 |     8 |     5 |     3 ||    25
       Potion            |       |     1 |     1 |     3 |     1 ||     6
 Stab: Sleeping          |    15 |     7 |    11 |    33 |    50 ||   116
       Distracted        |       |       |       |     3 |     4 ||     7
       Invisible         |       |       |       |     7 |       ||     7
Armor: Leather armour    |     6 |    14 |     3 |       |       ||    23
       Robe              |       |       |       |    32 |    36 ||    68
Dodge: Dodged            |    37 |    31 |    31 |   285 |   286 ||   670

Table legend: (Time is in decaauts)
 A = Elapsed time spent in this place.
 B = Non-inter-level travel time spent in this place.
 C = Inter-level travel time spent in this place.
 D = Time resting spent in this place.
 E = Time spent auto-exploring this place.
 F = Levels seen in this place.
 G = Mean time per level.
                   A        B        C        D        E       F      G
               +--------+--------+--------+--------+--------+-----+--------+
         Total |  14725 |  13431 |   1294 |   4328 |    188 |  14 | 1051.8 |
       Dungeon |   9389 |   8322 |   1067 |   2817 |    188 |   8 | 1173.6 |
        Temple |     73 |     73 |      0 |      0 |      0 |   1 |   73.0 |
          Lair |   5261 |   5034 |    227 |   1511 |      0 |   5 | 1052.2 |
               +--------+--------+--------+--------+--------+-----+--------+

Top non-repeatable levels by time:
     D:7: 2110 daAuts
  Lair:2: 1730 daAuts
     D:5: 1214 daAuts
     D:6: 1184 daAuts
     D:2: 1184 daAuts
     D:3: 1148 daAuts
  Lair:3: 971 daAuts
     D:1: 951 daAuts
     D:8: 951 daAuts
  Lair:4: 921 daAuts
  Lair:5: 837 daAuts
  Lair:1: 800 daAuts
     D:4: 644 daAuts
  Temple: 73 daAuts
